 Dungeon Crawl Stone Soup version 0.24-a0-535-gbb0d440638 (webtiles) character file.

Game seed: 4606721953023897859

544 Norm the Cudgeler (level 7, -7/70 HPs)
             Began as an Ogre Abyssal Knight on Aug 10, 2019.
             Was a Believer of Lugonu.
             Mangled by an orc warrior
             ... wielding a +0 short sword
              (17 damage)
             ... on level 4 of the Dungeon.
             The game lasted 00:10:54 (5108 turns).

Norm the Cudgeler (Ogre Abyssal Knight)             Turns: 5108, Time: 00:10:55

Health: -7/70      AC:  5    Str: 20    XL:     7   Next: 27%
Magic:  10/10      EV: 10    Int: 15    God:    Lugonu [**....]
Gold:   228        SH:  0    Dex:  8    Spells: 6/6 levels left

rFire    . . .     SeeInvis .   a - +1 mace
rCold    . . .     Gourm    .   (no shield)
rNeg     . . .     Faith    .   z - +2 robe {Archmagi}
rPois    .         Spirit   .   (helmet restricted)
rElec    .         Reflect  .   (no cloak)
rCorr    .         Harm     .   (gloves unavailable)
MR       .....                  (boots unavailable)
Stlth    +.........             u - amulet of regeneration
HPRegen  0.61/turn              g - +3 ring of strength
MPRegen  0.12/turn              (no ring)

@: no status effects
A: large, unfitting armour, tough skin 1
a: Depart the Abyss, Bend Space, Renounce Religion


You were on level 4 of the Dungeon.
You worshipped Lugonu.
Lugonu was pleased with you.
You were not hungry.

You visited 1 branch of the dungeon, and saw 4 of its levels.
You visited the Abyss 1 time.

You collected 228 gold pieces.

Inventory:

Hand Weapons
 a - a +1 mace (weapon)
 b - a +0 hunting sling
Missiles
 i - 8 javelins
 n - 143 stones
 y - 40 sling bullets
 A - a silver boomerang
 C - 3 large rocks (quivered)
Armour
 e - a +0 robe
 z - a +2 robe of the Archmagi (worn)
Jewellery
 g - a +3 ring of strength (left hand)
 u - an amulet of regeneration (around neck)
Wands
 w - a wand of enslavement (9)
Scrolls
 j - 2 scrolls of teleportation
 m - a scroll of fear
 o - 4 scrolls of remove curse
 p - 2 scrolls of immolation {unknown}
 r - a scroll of noise {unknown}
 t - 2 scrolls of enchant armour {unknown}
Potions
 d - a potion of ambrosia {unknown}
 f - a potion of heal wounds {unknown}
 h - a potion of magic {unknown}
 k - a potion of brilliance {unknown}
 q - 2 potions of cancellation
 s - 2 potions of curing
 v - a potion of berserk rage {unknown}
 x - a potion of lignification {unknown}
Comestibles
 c - 7 rations
 l - 4 chunks of flesh


   Skills:
 - Level 4.0 Fighting
 * Level 5.9 Maces & Flails
 - Level 2.1 Dodging
 + Level 5.0 Invocations


You had 6 spell levels left.
You didn't know any spells.
Your spell library was empty.

Dungeon Overview and Level Annotations

Branches:
Dungeon (4/15)
 Temple: D:4-7

Altars:
Dithmenos
Gozag
Makhleb
Sif Muna
Trog
The Shining One

Annotations:
D:4 Edmund


Innate Abilities, Weirdness & Mutations

You are too large for most types of armour.
You have tough skin. (AC +1)


Message History

Evoke which item? (* to show all) (? for menu, Esc to quit)
Okay, then.
Quiver which item? (- for none, * to show all) (? for menu, Esc to quit)
Quivering
C - 5 large rocks for throwing.
Throwing (i - inventory. (/) - cycle)
C - 5 large rocks (quivered)
Press: ? - help, Shift-Dir - straight line, f - orc warrior
Aim: an orc warrior, wielding a +0 short sword and wearing a +0 plate armour (heavily wounded)
You throw a large rock.
The large rock closely misses the orc warrior.
The orc warrior hits you with a +0 short sword.
The orc warrior closely misses you.
Throwing (i - inventory. (/) - cycle)
C - 4 large rocks (quivered)
Press: ? - help, Shift-Dir - straight line, f/p - orc warrior
Aim: an orc warrior, wielding a +0 short sword and wearing a +0 plate armour (heavily wounded)
You throw a large rock. The large rock hits the orc warrior.
The orc warrior is severely wounded.
The orc warrior hits you with a +0 short sword!
* * * LOW HITPOINT WARNING * * *
The orc warrior hits you with a +0 short sword!
You die...

... #.## #.#.. ..## #..#
######...# ..#
#..####........# #.##
#....#..........
#..######......#####..#
#####.##.......##........#
#..).....###.#....######.#
......###.#####.....#.#
#.# #####
###..oo@...#.##># #..
#....#####.#....# ###
#....#####....### ####
#............## #...
####....##[#..# #...
##...#..##.##.# #...
######.......<..##.# #...
#...>#.........)##.## #...
##...................##
#..[


You could see an orc warrior and an orc.

Vanquished Creatures
  An ogre (D:4)
  An orc priest (D:4)
  6 orc wizards
  A hound (D:4)
  A jelly (D:3)
  Jessica (D:3)
  A worker ant (D:4)
  6 adders
  A shadow imp (D:3)
  5 worms
  3 dart slugs
  2 leopard geckos
  5 orcs
  6 bats
  2 giant cockroaches
  7 goblins
  11 hobgoblins
  11 jackals
  3 quokkas (D:2)
  A ball python (D:1)
  2 frilled lizards
  7 kobolds
  2 rats (D:3)
86 creatures vanquished.

Vanquished Creatures (others)
  A wizard (D:3)
1 creature vanquished.

Grand Total: 87 creatures vanquished

Notes
Turn   | Place    | Note
-------+----------+-------------------------------------------
     0 | Abyss:1  | Norm the Ogre Abyssal Knight began the quest for the Orb.
     0 | Abyss:1  | Reached XP level 1. HP: 24/24 MP: 2/2
    45 | Abyss:1  | Noticed an efreet
    46 | D:1      | Escaped the Abyss
   142 | D:1      | Reached XP level 2. HP: 24/32 MP: 3/3
   434 | D:1      | Reached * piety under Lugonu
   922 | D:1      | Reached XP level 3. HP: 37/39 MP: 4/4
  1517 | D:2      | Found a burning altar of Makhleb.
  1518 | D:2      | Found a shadowy altar of Dithmenos.
  1662 | D:2      | Reached XP level 4. HP: 16/48 MP: 6/6
  2365 | D:2      | Found a glowing golden altar of the Shining One.
  2745 | D:2      | Found a shimmering blue altar of Sif Muna.
  2831 | D:2      | Reached ** piety under Lugonu
  2992 | D:3      | Found an opulent altar of Gozag.
  3252 | D:3      | Reached XP level 5. HP: 28/54 MP: 7/7
  3463 | D:3      | HP: 1/54 [acid (7)]
  4162 | D:3      | Noticed Jessica
  4167 | D:3      | Killed Jessica
  4167 | D:3      | Reached XP level 6. HP: 62/62 MP: 9/9
  4339 | D:3      | Found a bloodstained altar of Trog.
  4340 | D:3      | Noticed a wizard
  4345 | D:3      | Killed a wizard
  4471 | D:4      | Reached skill level 5 in Maces & Flails
  4585 | D:4      | Noticed Edmund
  4765 | D:4      | Reached XP level 7. HP: 39/70 MP: 10/10
  5082 | D:4      | Reached skill level 5 in Invocations
  5108 | D:4      | Mangled by an orc warrior

Levels and vault maps discovered:
D:1:      psy_arrival_statuary, layout_basic
D:2:      layout_rooms, led_sif_pool, grunt_temple_overflow_open, tso_metal_star
D:3:      layout_loops_corners, nicolae_overflow_hidden_temple,
          grunt_gozag_breadcrumbs, trog_wizard, uniq_jessica
D:4:      layout_rooms, minmay_temple_entry_mini_moons, first_ration,
          uniq_blork_the_orc, uniq_edmund

Skill      XL: |  1  2  3  4  5  6  7 |
---------------+----------------------+-----
Maces & Flails | 2 3 4 5 |  5.9
Invocations    | 3 4 5 |  5.0
Fighting       | |  4.0
Dodging        | |  2.1

Action                   |  1- 3 |  4- 6 |  7- 9 || total
-------------------------+-------+-------+-------++-------
Melee: Mace              |   127 |   143 |    27 ||   297
 Fire: Hunting sling     |       |    47 |       ||    47
Throw: Javelin           |       |     9 |     3 ||    12
       Large rock        |       |     5 |     2 ||     7
Invok: Depart the Abyss  |     1 |       |       ||     1
Evoke: Wand              |       |     1 |       ||     1
  Use: Scroll            |       |     7 |       ||     7
 Stab: Sleeping          |       |     1 |       ||     1
  Eat: Chunk             |     2 |     7 |     1 ||    10
       Ration            |       |     1 |       ||     1
Armor: Robe              |    45 |    40 |     4 ||    89
Dodge: Dodged            |    69 |    95 |    12 ||   176

Table legend:
 A = Non-vault XP
 B = Vault XP
 C = Vault XP percentage of total XP
 D = Non-vault monster count
 E = Vault monster count
 F = Vault count percentage of total count
                 A         B        C        D         E       F
            +---------+---------+-------+---------+---------+-------
      Total |     755 |      23 |   3.0 |      85 |       1 |   1.2
            +---------+---------+-------+---------+---------+-------
        D:1 |      49 |       0 |   0.0 |      26 |       0 |   0.0
        D:2 |      91 |       0 |   0.0 |      22 |       0 |   0.0
        D:3 |     219 |      23 |   9.5 |      21 |       1 |   4.5
        D:4 |     396 |       0 |   0.0 |      16 |       0 |   0.0
            +---------+---------+-------+---------+---------+-------
